 Dungeon Crawl Stone Soup version 0.32-a0-918-g0f22ef8d61 (webtiles) character file.

Game seed: 276802874821876850

106 jlumianski the Covered (level 4, -1/29 HPs)
             Began as a Gargoyle Fighter on Apr 12, 2024.
             Slain by an orc wizard
             ... wielding a +0 dagger
              (4 damage)
             ... on level 4 of the Dungeon.
             The game lasted 00:09:30 (1909 turns).

jlumianski the Covered (Gargoyle Fighter)           Turns: 1909, Time: 00:09:33

Health: -1/29      AC: 11    Str: 22    XL:     4   Next: 84%
Magic:  4/4        EV:  7    Int:  8    God:
Gold:   215        SH:  0    Dex:  9    Spells: 3/3 levels left

rFire   . . .        a - +0 war axe
rCold   . . .        l - +0 kite shield
rNeg    + . .        b - +0 scale mail
rPois   ∞            (no helmet)
rElec   +            (no cloak)
rCorr   .            j - +0 pair of gloves
SInv    .            (no boots)
Will    .....        (no amulet) Stlth
                     (no ring)
HPRegen 0.24/turn    (no ring)
MPRegen 0.09/turn

%: no passive effects
@: confused, mighty
A: sickness immunity, AC +3, negative energy resistance 1, electricity
resistance, torment resistance 1, petrification resistance
a: no special abilities


You were on level 4 of the Dungeon.
You visited 1 branch of the dungeon, and saw 5 of its levels.

You collected 215 gold pieces.

Inventory:

Hand Weapons
 a - a +0 war axe (weapon)
Missiles
 k - 6 poisoned darts (quivered)
Armour
 b - a +0 scale mail (worn)
 c - a +0 buckler
 j - a +0 pair of gloves (worn)
 l - a +0 kite shield (worn)
Scrolls
 e - a scroll of identify {unknown}
 f - a scroll of silence {unknown}
 g - a scroll of blinking {unknown}
 o - a scroll of butterflies
 q - a scroll of fear {unknown}
Potions
 d - a potion of might
 h - a potion of enlightenment
 i - a potion of brilliance {unknown}
 m - a potion of curing {unknown}
 n - a potion of resistance {unknown}
 p - a potion of attraction


   Skills:
 + Level 3.7 Fighting
 + Level 3.3 Axes
 + Level 3.9 Armour
 + Level 0.1 Dodging
 + Level 3.7 Shields


You had 3 spell levels left.
You didn't know any spells.
Your spell library was empty.

Dungeon Overview and Level Annotations

Branches:
Dungeon (5/15)
 Temple: D:4-7

Altars:
Uskayaw

Shops:
D:2 :

Annotations:
D:2 1 runed translucent door, Crazy Yiuf


Innate Abilities, Weirdness & Mutations

You are immune to sickness and miasma.
Your stone body is resilient. (AC +3)
You are immune to poison.
You resist negative energy. (rN+)
You are resistant to electric shocks. (rElec)
You are resistant to unholy torment.
You are immune to petrification.


Message History

The orc wizard is almost dead.
You closely miss the orc. You hit the orc. You miss something.
The orc hits you with a +0 dagger.
The orc wizard casts a spell.
The orc wizard flickers and vanishes!
The orc closely misses you.
You hear some strange, mumbled words.
A magic dart appears from out of thin air!
The magic dart hits you but does no damage.
Something hits you but does no damage. You block the orc's attack.
You hear some strange, mumbled words.
Something tries to affect you, but you resist.
The orc hits you but does no damage.
You barely miss the orc.
The orc is severely wounded.
You barely miss something. x2; You hit the orc but do no damage.
The orc closely misses you.
You hear some strange, mumbled words.
A magic dart appears from out of thin air!
The magic dart hits you but does no damage.
The orc hits you but does no damage. Something hits you.
You hit the orc.
You kill the orc!
You hit the orc. You closely miss something. You barely miss something.
The orc hits you but does no damage.
You hear some strange, mumbled words.
You are confused.
Something hits you but does no damage. The orc hits you but does no damage.
Something hits you but does no damage.
You hear some strange, mumbled words.
A magic dart appears from out of thin air!
The magic dart hits you!
* * * LOW HITPOINT WARNING * * *
You feel very mighty all of a sudden. The orc hits you but does no damage.
You hear some strange, mumbled words.
A puff of flame appears from out of thin air!
The puff of flame hits you.
* * * LOW HITPOINT WARNING * * *
Something hits you.
You die...

#...#... .....
#...#... ......
#...'... ......
#...#... ......
#...##.# ....####
#...##.# #.....#
##......' #..o){#
#.......# #..{@.#
#.......# #..)..#
#.......#
#.....###############
###..................
#..................
#..................
#..................
#............<....)
#..................


You could see an orc.

Vanquished Creatures
  A hound (D:4)
  2 adders
  3 dart slugs
  2 orcs (D:4)
  4 bats
  An endoplasm (D:2)
  5 giant cockroaches
  5 goblins
  4 hobgoblins
  2 quokkas
  11 ball pythons
  3 frilled lizards
  3 kobolds
  3 rats
49 creatures vanquished.

Notes
Turn   | Place    | Note
-------+----------+-------------------------------------------
     0 | D:1      | jlumianski the Gargoyle Fighter began the quest for the
                  | Orb.
     0 | D:1      | Reached XP level 1. HP: 14/14 MP: 1/1
    68 | D:2      | Found Ranylutu's Book Emporium.
   326 | D:1      | Reached XP level 2. HP: 18/19 MP: 2/2
   610 | D:1      | Reached XP level 3. HP: 23/23 MP: 3/3
  1176 | D:2      | Found a runed translucent door.
  1177 | D:2      | Noticed Crazy Yiuf
  1408 | D:3      | Reached XP level 4. HP: 29/29 MP: 4/4
  1546 | D:5      | Entered Level 5 of the Dungeon
  1597 | D:4      | Found a hide-covered altar of Uskayaw.
  1909 | D:4      | Slain by an orc wizard

Illustrated notes

Levels and vault maps discovered:
D:1:      eino_arrival_water_cross, layout_basic
D:2:      layout_rooms, serial_shops, nicolae_shop_hallway_stairs,
          uniq_crazy_yiuf_cottage
D:3:      layout_basic, serial_shops, nicolae_book_shop_shelving,
          minmay_misc_feat_iff
D:4:      layout_gridville, mainiacjoe_overflow_cross_hatched,
          portal_sewer_entry_b, corner_web_ring, uniq_duvessa
D:5:      layout_layer_cave

Skill      XL: |  1  2  3  4 |
---------------+-------------+-----
Axes           | 2 3 |  3.3
Fighting       | |  3.7
Armour         | |  3.9
Dodging        | |  0.1
Shields        | |  3.7

Action                     |  1- 3 |  4- 6 || total
---------------------------+-------+-------++-------
  Melee: War axe           |   139 |    23 ||   162
  Throw: Dart              |       |     3 ||     3
    Use: Potion            |     1 |     2 ||     3
         Scroll            |       |     1 ||     1
 Armour: Scale mail        |   151 |    42 ||   193
  Dodge: Dodged            |    51 |     7 ||    58
  Block: Buckler           |    34 |       ||    34
         Kite shield       |     8 |    11 ||    19

Table legend: (Time is in decaauts)
 A = Elapsed time spent in this place.
 B = Non-inter-level travel time spent in this place.
 C = Inter-level travel time spent in this place.
 D = Time resting spent in this place.
 E = Time spent auto-exploring this place.
 F = Levels seen in this place.
 G = Mean time per level.
                   A        B        C        D        E       F      G
               +--------+--------+--------+--------+--------+-----+--------+
         Total |   1984 |   1959 |     25 |    136 |    967 |   5 |  396.8 |
       Dungeon |   1984 |   1959 |     25 |    136 |    967 |   5 |  396.8 |
               +--------+--------+--------+--------+--------+-----+--------+

Top non-repeatable levels by time:
     D:1: 736 daAuts
     D:2: 533 daAuts
     D:4: 435 daAuts
     D:3: 274 daAuts
     D:5: 3 daAuts
